 Dungeon Crawl Stone Soup version 0.31.0-1-g2c135a0 (webtiles) character file.

Game seed: 1309757186043250798

308 edsrzf the Sneak (level 5, -8/42 HPs)
             Began as a Demigod Delver on Feb 4, 2024.
             Killed by nerve-wracking pain
             ... invoked by Menkaure
              (10 damage)
             ... on level 5 of the Dungeon.
             The game lasted 00:11:08 (4228 turns).

edsrzf the Sneak (Demigod Delver)                   Turns: 4228, Time: 00:11:08

Health: -8/42      AC:  7    Str: 13    XL:     5   Next: 94%
Magic:  9/9        EV: 11    Int: 16    God:
Gold:   171        SH:  0    Dex: 15    Spells: 5/6 levels left

rFire   . . .        a - +0 falchion
rCold   . . .        (no shield)
rNeg    . . .        b - +0 leather armour
rPois   .            y - +0 helmet
rElec   .            s - +2 cloak
rCorr   .            (no gloves)
SInv    .            (no boots)
Will    +....        (no amulet)
Stlth   +++          (no ring)
HPRegen 0.27/turn    (no ring)
MPRegen 0.11/turn

%: no passive effects
@: enlightened, flying, hasted, studying Summonings, very quick
A: high MP 1, forlorn, divine attributes
a: no special abilities


You were on level 5 of the Dungeon.
You visited 1 branch of the dungeon, and saw 5 of its levels.

You collected 184 gold pieces.
You spent 13 gold pieces at shops.

Inventory:

Hand Weapons
 a - a +0 falchion (weapon)
 l - a +0 rapier
Missiles
 m - 4 poisoned darts (quivered)
 B - a curare-tipped dart
Armour
 b - a +0 leather armour (worn)
 s - a +2 cloak (worn)
 y - a +0 helmet (worn)
Jewellery
 A - a ring of flight
Wands
 g - a wand of digging (3)
Scrolls
 c - a scroll of fog
 d - 2 scrolls of revelation
 e - a scroll of enchant armour
 n - 3 scrolls of identify
 r - a scroll of poison {unknown}
 t - a scroll of blinking {unknown}
 u - a scroll of acquirement
 x - a scroll of immolation {unknown}
Potions
 h - a potion of enlightenment
 j - a potion of brilliance {unknown}
 k - a potion of attraction {unknown}
 p - 2 potions of mutation
 q - a potion of ambrosia {unknown}
 v - a potion of berserk rage {unknown}
 w - 2 potions of might {unknown}
 z - a potion of experience {unknown}


   Skills:
 - Level 2.6 Fighting
 + Level 4.4 Long Blades
 - Level 1.7 Dodging
 - Level 6.1 Stealth
 + Level 1.0 Spellcasting


You had 5 spell levels left.
You knew the following spells:

 Your Spells              Type           Power      Damage    Failure   Level
a - Kiss of Death         Conj/Necr      0%         2d5       28%         1

Your spell library contained the following spells:

 Spells                   Type           Power      Damage    Failure   Level
 Sandblast                Erth           0%         2d4       28%         1
 Confusing Touch          Hex            0%         N/A       65%         3
 Passwall                 Erth           0%         N/A       65%         3
 Stone Arrow              Conj/Erth      0%         3d7       65%         3
 Brom's Barrelling Bould  Conj/Erth      0%         2d3       96%         4
 Dispel Undead            Necr           0%         3d6       96%         4


Dungeon Overview and Level Annotations

Branches:
Dungeon (5/15)             Temple (0/1) D:4

Shops:
D:2 !   D:4 *

Annotations:
D:2 exclusion: ogre
D:3 exclusion: water moccasin
D:5 exclusion: orc wizard, Menkaure


Innate Abilities, Weirdness & Mutations

You have an increased reservoir of magic. (+10% MP)
You shall have no god before yourself.
Your divine heritage dramatically boosts your attributes as you level up.


Message History

The orc priest hits you with a +0 morningstar!
The orc closely misses you.
It was a potion of enlightenment.
You feel very buoyant.
You fly up into the air.
The orc priest hits you but does no damage.
The orc barely misses you.
You slash the orc!
You kill the orc!
You hear a shout!
The orc priest invokes the aid of Beogh against you.
Pain shoots through your body!
* * * LOW HITPOINT WARNING * * *
Menkaure, Prince of Dust comes into view.
Okay, then.
Okay, then.
Okay, then.
Okay, then.
Sorry, you're not good enough to have a special ability.
Press: ? - help, v - describe, . - travel, g - get item
Here: Menkaure
Items here: ))) [.
The floor, spattered with blood.
Unknown command.
The orc priest closely misses you.
Menkaure calls on the powers of darkness!
The orc priest convulses!
Your body is wracked with pain!
* * * LOW HITPOINT WARNING * * *
You feel better.
The orc priest hits you with a +0 morningstar.
* * * LOW HITPOINT WARNING * * *
It was a potion of heal wounds.
You feel much better.
Menkaure murmurs, "From dust you came, to dust you will return."
The orc priest hits you with a +0 morningstar!
Menkaure attacks as he pursues you! Menkaure hits you but does no damage.
The orc priest invokes the aid of Beogh against you.
Beogh smites you!
* * * LOW HITPOINT WARNING * * *
Menkaure murmurs, "It doesn't hurt if you pull your brain out of your nose yourself."
You feel much better.
You feel yourself speed up. Menkaure breathes soot at you. Menkaure hits you!
Okay, then.
Okay, then.
Okay, then.
Okay, then.
As you read the scroll labelled UCWULA TIOPIO, it crumbles to dust.
It is a scroll of identify.
p - 2 potions of mutation
Okay, then.
You barely miss Menkaure. You punch Menkaure, but do no damage.
You barely miss Menkaure.
Menkaure gestures wildly while chanting.
Menkaure seems to speed up.
Press: ? - help, v - describe, . - travel
Here: Menkaure (fast)
The floor.
As you read the scroll labelled HIATAUPSIT, it crumbles to dust.
It is a scroll of enchant armour.
Your +1 cloak glows green for a while.
Menkaure hits you.
This is a scroll of acquirement!
Something appears at your feet!
Menkaure calls on the powers of darkness!
Your body is wracked with pain!
* * * LOW HITPOINT WARNING * * *
Okay, then.
Throw: 3 darts (curare)
Press: ? - help, Shift-Dir - straight line, f - orc priest
Aim: an orc priest, wielding a +0 morningstar (severely wounded, 56% to hit)
You throw a curare-tipped dart.
The curare-tipped dart closely misses the orc priest.
Menkaure hits you!
* * * LOW HITPOINT WARNING * * *
Okay, then.
Throw: 2 darts (curare)
Press: ? - help, Shift-Dir - straight line, f/p - orc priest
Aim: an orc priest, wielding a +0 morningstar (severely wounded, 56% to hit)
You throw a curare-tipped dart.
The curare-tipped dart hits the orc priest.
The orc priest is poisoned.
The orc priest struggles to breathe.
You kill the orc priest!
Your Spellcasting skill increases to level 1!
Okay, then.
Okay, then.
Okay, then.
Okay, then.
Okay, then.
Press: ? - help, v - describe, . - travel
Here: Menkaure (fast)
The floor.
Unknown command.
Menkaure attacks as he pursues you! Menkaure hits you but does no damage.
Press: ? - help, v - describe, . - travel, g - get item
Here: Menkaure (fast) Item here: a ring of poison resistance.
The floor, spattered with blood.
Menkaure points at you and mumbles some strange words.
Pain shoots through your body!
You die...

.. ..# # # ..## .###.
. #.. ... .#
#...###...### ..#
...#..#.#..#..
###..o#.#...### #
..#.....#.#.....#.. ##
#...###).@###...####
##. .....#...#.#...#
...# ##.. ...#
#.o.#.#M..###... ##...
.. #...#.#=..#..#
##...< .
#...###...###...#
##..... #...
#...#.....# ##......
###
...###.....####.......
..###
######..##..#.....
.....[.......#.....


You could see Menkaure (fast).

Vanquished Creatures
  A phantom (D:4)
  A bombardier beetle (D:4)
  An orc priest (D:5)
  An orc wizard (D:4)
  6 adders
  A gnoll (D:4)
  2 dart slugs (D:2)
  A ribbon worm (D:2)
  7 orcs
  6 ball pythons
  4 bats
  2 endoplasms (D:2)
  4 giant cockroaches
  10 goblins
  10 hobgoblins
  7 jackals
  3 kobolds
  2 quokkas
69 creatures vanquished.

Vanquished Creatures (others)
  An orc wizard (D:4)
1 creature vanquished.

Grand Total: 70 creatures vanquished

Notes
Turn   | Place    | Note
-------+----------+-------------------------------------------
     0 | D:5      | edsrzf the Demigod Delver began the quest for the Orb.
     0 | D:5      | Reached XP level 1. HP: 18/18 MP: 3/3
    11 | D:5      | Noticed an orc wizard
    48 | D:4      | Noticed a phantom
   113 | D:4      | Noticed an iguana
   295 | D:4      | Noticed a scorpion
   533 | D:4      | Reached skill level 2 in Long Blades
   571 | D:4      | Reached XP level 2. HP: 25/25 MP: 4/4
   582 | D:4      | Found Dekhlu's General Store.
   590 | D:4      | Bought a potion of degeneration for 13 gold pieces
   658 | D:3      | Noticed a water moccasin
   696 | D:3      | Reached skill level 5 in Stealth
   776 | D:2      | Reached XP level 3. HP: 30/30 MP: 5/5
   963 | D:2      | Reached skill level 3 in Long Blades
  1284 | D:1      | Learned a level 1 spell: Kiss of Death
  1394 | D:1      | Reached XP level 4. HP: 30/37 MP: 6/6
  2482 | D:2      | Found Niosij's Distillery.
  2533 | D:2      | Noticed an ogre
  3499 | D:4      | Killed a phantom
  3500 | D:4      | Reached skill level 4 in Long Blades
  3500 | D:4      | Reached skill level 6 in Stealth
  3500 | D:4      | Reached XP level 5. HP: 29/42 MP: 7/7
  3724 | D:4      | Identified 2 potions of curing
  3853 | D:4      | Found a staircase to the Ecumenical Temple.
  4207 | D:5      | Identified 2 potions of enlightenment
  4208 | D:5      | Noticed Menkaure
  4211 | D:5      | Identified 2 potions of heal wounds
  4219 | D:5      | Identified 4 scrolls of identify
  4219 | D:5      | Identified 2 potions of mutation
  4222 | D:5      | Identified 2 scrolls of enchant armour
  4223 | D:5      | Identified 2 scrolls of acquirement
  4223 | D:5      | Acquired a ring of poison resistance
  4224 | D:5      | HP: 2/42 [Menkaure (11)]
  4226 | D:5      | Reached skill level 1 in Spellcasting
  4228 | D:5      | Killed from afar by Menkaure

Illustrated notes

Levels and vault maps discovered:
D:1:      minmay_arrival_widening_spiral_wide, layout_basic
D:2:      layout_basic, serial_shops, nicolae_shop_tiny_glass,
          nicolae_half_adder
D:3:      layout_basic
D:4:      layout_loops_corners, minmay_temple_entry_enclosed_plants,
          serial_shops, shop, minmay_manual_mail
D:5:      layout_cave_pods, serial_column_ruins, column_ruins_corridor_corner,
          column_ruins_open_tiny, column_ruins_open_tiny, nicolae_titane,
          uniq_duvessa, uniq_menkaure

Skill      XL: |  1  2  3  4  5 |
---------------+----------------+-----
Long Blades    | 2 3 4 |  4.4
Stealth        | 5 6 |  6.1
Spellcasting   | 1 |  1.0
Fighting       | |  2.6
Dodging        | |  1.7

Action                     |  1- 3 |  4- 6 || total
---------------------------+-------+-------++-------
  Melee: Falchion          |   114 |   140 ||   254
         Punch             |       |     1 ||     1
  Throw: Dart              |     1 |     5 ||     6
    Use: Potion            |     1 |     6 ||     7
         Scroll            |     1 |     3 ||     4
   Stab: Sleeping          |     8 |    10 ||    18
 Armour: Leather armour    |    68 |   101 ||   169
  Dodge: Dodged            |    69 |    62 ||   131
